 Dungeon Crawl Stone Soup version 0.28-a0-1518-gbe868bca14 (webtiles) character file.

Game seed: 11608762970641957306

138 miscthings the Ruffian (level 4, 0/35 HPs)
             Began as a Demigod Transmuter on Jan 16, 2022.
             Killed from afar by an orc wizard (5 damage)
             ... with a magic dart
             ... on level 3 of the Dungeon.
             The game lasted 00:03:54 (2510 turns).

miscthings the Ruffian (Demigod Transmuter)         Turns: 2510, Time: 00:03:54

Health: 0/35       AC:  8    Str: 15    XL:     4   Next: 70%
Magic:  10/10      EV: 11    Int: 15    God:
Gold:   109        SH:  0    Dex: 14    Spells: 6/7 levels left

rFire   . . .      SeeInvis .     - Unarmed
rCold   . . .      Faith    .   (no shield)
rNeg    . . .      Spirit   .   c - +2 ring mail {rPois}
rPois   +          Reflect  .   (helmet currently unavailable)
rElec   .          Harm     .   (no cloak)
rCorr   .          Rampage  .   g - +0 pair of gloves
Will    .....                   (boots currently unavailable)
Stlth   +.........              (no amulet)
HPRegen 0.11/turn               (no ring)
MPRegen 0.12/turn               (no ring)

@: appendages (expiring), hasted, very quick
A: horns 2, talons 2, high mp 1, forlorn, divine attributes
a: End Transformation


You were on level 3 of the Dungeon.
You had temporarily grown beastly horns and talons.
You visited 1 branch of the dungeon, and saw 3 of its levels.

You collected 109 gold pieces.

Inventory:

Missiles
 i - a poisoned dart (quivered)
Armour
 c - a +2 ring mail of poison resistance (worn)
 g - a +0 pair of gloves (worn)
Wands
 j - a wand of charming (6)
Scrolls
 b - a scroll of enchant armour {unknown}
 d - 2 scrolls of identify {unknown}
 e - a scroll of blinking {unknown}
 k - a scroll of vulnerability {unknown}
Potions
 f - a potion of brilliance {unknown}
 h - a potion of mutation {unknown}


   Skills:
 + Level 1.0 Fighting
 + Level 1.2 Armour
 + Level 2.2 Dodging
 + Level 3.8 Unarmed Combat
 + Level 2.4 Spellcasting
 + Level 2.4 Transmutations


You had 6 spell levels left.
You knew the following spells:

 Your Spells              Type           Power      Damage    Failure   Level
a - Beastly Appendage     Tmut           18%        N/A       14%         1

Your spell library contained the following spells:

 Spells                   Type           Power      Damage    Failure   Level
 Wereblood                Tmut           9%         N/A       22%         2
 Spider Form              Tmut/Pois      5%         N/A       58%         3
 Ice Form                 Ice/Tmut       5%         N/A       94%         4


Dungeon Overview and Level Annotations

Branches:
Dungeon (3/15)


Innate Abilities, Weirdness & Mutations

You have temporarily grown beastly horns and talons.
You have an increased reservoir of magic. (+10% MP)
You shall have no god before yourself.
Your divine heritage dramatically boosts your attributes as you level up.


Message History

You completely miss the orc priest.
You claw the orc priest, but do no damage.
The orc priest is moderately wounded.
Your transformation is almost over.
The orc priest mumbles some strange prayers to Beogh against you.
Beogh smites you!
* * * LOW HITPOINT WARNING * * *
You hear a shout!
You hit the orc priest but do no damage.
You claw the orc priest.
The orc priest is moderately wounded.
The orc priest misses you.
You hit the orc priest but do no damage.
You headbutt the orc priest.
The orc priest is severely wounded.
The orc priest hits you but does no damage.
Okay, then.
It was a potion of haste.
You feel yourself speed up. The orc priest barely misses you.
You closely miss the orc priest. You claw the orc priest.
You punch the orc priest, but do no damage.
The orc priest is severely wounded.
The orc priest closely misses you.
You hit the orc priest.
You kill the orc priest!
The orc wizard casts a spell at you. You resist with some effort.
Okay, then.
Okay, then.
Casting: Beastly Appendage (safe; 14% risk of failure)
Press: ? - help, Q - select action, (/) - cycle Dir - look around, f - activate
Okay, then.
Throw: 2 darts (poison)
Press: ? - help, Q - select action, (/) - cycle Shift-Dir - straight line, f - orc wizard
Aim: an orc wizard, wielding a +0 hand axe and wearing a +0 robe (50% to hit)
You throw a poisoned dart.
The poisoned dart misses the orc wizard.
The orc wizard casts a spell at you. The magic dart hits you.
You die...

###.....>..#
.......... .........
#........
........#### ##
#......#... ... #
#.)#.#g#.##..
.##.##.@#.......
.....o..###.#.#####.#
##........†....>....#
#(.####.##.....#####
#. .##(##.....# #
.##.##.....##
.##.#.......#
....#.##.##.#
.####.##.##.#


You could see an orc wizard.

Vanquished Creatures
  An orc priest (D:3)
  3 adders
  3 worms
  A dart slug (D:3)
  7 orcs
  5 endoplasms
  4 goblins
  8 hobgoblins
  6 jackals
  4 quokkas
  2 bats (D:2)
  5 frilled lizards
  6 kobolds
  7 rats
62 creatures vanquished.

Notes
Turn   | Place    | Note
-------+----------+-------------------------------------------
     0 | D:1      | miscthings the Demigod Transmuter began the quest for the
                  | Orb.
     0 | D:1      | Reached XP level 1. HP: 15/15 MP: 5/5
   519 | D:1      | Reached XP level 2. HP: 18/22 MP: 7/7
   523 | D:1      | Reached skill level 3 in Unarmed Combat
  1001 | D:2      | Reached XP level 3. HP: 22/27 MP: 6/8
  2152 | D:3      | Reached XP level 4. HP: 14/34 MP: 7/10
  2463 | D:3      | Reached skill level 1 in Armour
  2483 | D:3      | Reached skill level 1 in Fighting
  2510 | D:3      | Killed from afar by an orc wizard

Illustrated notes

Levels and vault maps discovered:
D:1:      denvon_arrival_planthouse, layout_rooms,
          shapermc_ecumenical_altar_petra
D:2:      layout_loops_cross, basic_altar
D:3:      layout_loops_cross, uniq_robin

Skill      XL: |  1  2  3  4 |
---------------+-------------+-----
Transmutations | 2 |  2.4
Spellcasting   | 2 |  2.4
Unarmed Combat | 3 |  3.8
Dodging        | 2 |  2.2
Armour         | 1 |  1.2
Fighting       | 1 |  1.0

Action                   |  1- 3 |  4- 6 || total
-------------------------+-------+-------++-------
Melee: Unarmed           |   163 |    46 ||   209
       Kick              |    27 |     8 ||    35
       Headbutt          |    20 |     2 ||    22
       Punch             |     2 |     1 ||     3
Throw: Dart              |       |     1 ||     1
 Cast: Beastly Appendage |    23 |     4 ||    27
  Use: Potion            |       |     1 ||     1
Armor: Robe              |     2 |       ||     2
       Ring mail         |    55 |    11 ||    66
Dodge: Dodged            |    77 |    17 ||    94

Table legend: (Time is in decaauts)
 A = Elapsed time spent in this place.
 B = Non-inter-level travel time spent in this place.
 C = Inter-level travel time spent in this place.
 D = Time resting spent in this place.
 E = Time spent auto-exploring this place.
 F = Levels seen in this place.
 G = Mean time per level.
                   A        B        C        D        E       F      G
               +--------+--------+--------+--------+--------+-----+--------+
         Total |   2497 |   2427 |     70 |    911 |    983 |   3 |  832.3 |
       Dungeon |   2497 |   2427 |     70 |    911 |    983 |   3 |  832.3 |
               +--------+--------+--------+--------+--------+-----+--------+

Top non-repeatable levels by time:
     D:2: 996 daAuts
     D:1: 849 daAuts
     D:3: 651 daAuts
